 Dungeon Crawl Stone Soup version 0.29-a0-414-g5075937ec3 (webtiles) character file.

Game seed: 13694609800565055276

20106 Bruhh the Fighter (level 13, -1/96 HPs)
             Began as a Djinni Earth Elementalist on May 15, 2022.
             Was a Priest of Ashenzari.
             Slain by a meliai
             ... wielding a +0 vorpal hand axe
              (6 damage)
             ... in a Gauntlet.
             The game lasted 00:23:52 (18268 turns).

Bruhh the Fighter (Djinni Earth Elementalist)      Turns: 18268, Time: 00:23:53

Health: -1/96      AC:  7    Str: 19    XL:     13   Next: 9%
Gold:   726        EV: 14    Int: 21    God:    Ashenzari [***...] SH: 17 Dex: 15

rFire   + + .      SeeInvis +   k - +5 war axe (vorpal)
rCold   . . .      Faith    .   B - +0 kite shield "Esoteric Visionary" {Melee, Fort} (curse)
rNeg    . . .      Spirit   .   E - +2 robe {rC+}
rPois   ∞          Reflect  +   i - +0 helmet "Bound Desperation" {Melee, Cun} (curse)
rElec   .          Harm     .   n - scarf of Ashenzari's Suspicion {shadows, Cun, Evo} (curse)
rCorr   .          Rampage  .   h - +0 pair of gloves "Mantic Yoke" {Fort, Melee} (curse)
Will    +....      Clarity  +   (boots unavailable)
Stlth   ++........ NoTele   +   j - amulet of reflection
HPRegen 0.26/turn               c - +6 ring of strength
MPRegen 0.00/turn               d - +6 ring of strength

@: flying
A: sickness immunity, fire resistance 2, cold vulnerability 1, float, innate
caster, HP casting, extra vitality 1
a: Renounce Religion, Shatter the Chains


You were in a Gauntlet.
You worshipped Ashenzari.
Ashenzari was most pleased with you.
You visited 2 branches of the dungeon, and saw 12 of its levels.
You also visited: Bailey and Gauntlet.

You collected 726 gold pieces.

Inventory:

Hand Weapons
 k - a +5 vorpal war axe (weapon)
 l - a +0 club of flaming
Missiles
 a - 171 stones
 A - 3 throwing nets
Armour
 b - a +0 robe
 h - the cursed +0 pair of gloves "Mantic Yoke" (worn) {Fort, Melee}
   (You found it on level 1 of the Dungeon)

   It has a curse which improves the following skills: Fortitude: Armour and
   Shields.
   Melee Combat: Short Blades, Long Blades, Axes, Maces & Flails, Polearms,
   Staves and Unarmed Combat.
 i - the cursed +0 helmet "Bound Desperation" (worn) {Melee, Cun}
   (You found it on level 1 of the Dungeon)

   It has a curse which improves the following skills: Melee Combat: Short
   Blades, Long Blades, Axes, Maces & Flails, Polearms, Staves and Unarmed
   Combat.
   Cunning:   Dodging and Stealth.
 n - the cursed scarf of Ashenzari's Suspicion (worn) {shadows, Cun, Evo}
   (You found it on level 2 of the Dungeon)

   It has a curse which improves the following skills: Cunning: Dodging and
   Stealth.
   Evocations: Evocations.
 q - a +0 leather armour
 u - a scarf of repulsion
 B - the cursed +0 kite shield "Esoteric Visionary" (worn) {Melee, Fort}
   (You found it on level 5 of the Dungeon)

   It has a curse which improves the following skills: Melee Combat: Short
   Blades, Long Blades, Axes, Maces & Flails, Polearms, Staves and Unarmed
   Combat.
   Fortitude: Armour and Shields.
 E - a +2 robe of cold resistance (worn)
 F - a +1 robe of willpower
 L - +0 steam dragon scales
 Z - a +1 cloak of stealth
Magical Staves
 y - a staff of conjuration
Jewellery
 c - a +6 ring of strength (left hand)
 d - a +6 ring of strength (right hand)
 j - an amulet of reflection (around neck)
 U - a +6 ring of strength
 X - an amulet of regeneration
Wands
 H - a wand of flame (46)
 I - a wand of charming (8)
 K - a wand of paralysis (10)
 M - a wand of iceblast (6)
 N - a wand of acid (14)
 O - a wand of mindburst (8)
 S - a wand of digging (12)
Scrolls
 e - 2 scrolls of enchant weapon
 f - a scroll of amnesia
 g - a scroll of vulnerability
 m - 5 scrolls of fog
 r - 3 scrolls of enchant armour
 t - 5 scrolls of teleportation
 Q - 2 scrolls of torment
 R - 3 scrolls of identify
 V - 2 scrolls of poison
 W - a scroll of fear
Potions
 o - 7 potions of heal wounds
 p - 3 potions of haste
 s - 3 potions of attraction
 v - 2 potions of resistance
 w - 3 potions of mutation
 x - 5 potions of might
 z - 2 potions of magic
 C - 5 potions of brilliance
 D - 2 potions of invisibility
 G - a potion of degeneration
 J - a potion of flight
 P - a potion of cancellation
 T - a potion of ambrosia
 Y - a potion of curing


   Skills:
 - Level 10.0 Fighting
 + Level 6.7(10.0) Axes
 - Level 7.9(10.4) Armour
 - Level 5.0(7.3) Dodging
 - Level 1.5(3.2) Stealth
 - Level 10.0(12.4) Shields
 - Level 8.0 Spellcasting


You couldn't memorise any spells.
You knew the following spells:

 Your Spells              Type           Power      Damage    Failure   Level
a - Sandblast             Erth           84%        2d18      1%          1
b - Passwall              Tmut/Erth      35%        N/A       1%          2
c - Stone Arrow           Conj/Erth      84%        3d12      1%          3
d - Petrify               Tmut/Erth      42%        N/A       6%          4
e - Animate Skeleton      Necr           84%        N/A       1%          1
f - Searing Ray           Conj           84%        2d7       1%          2
g - Dazzling Flash        Conj/Hex       84%        N/A       1%          3
h - Animate Armour        Summ/Erth      84%        N/A       6%          4
i - Manifold Assault      Tloc           42%        N/A       16%         5
j - Agony                 Necr           42%        N/A       16%         5
Your spell library was empty.

Dungeon Overview and Level Annotations

Branches:
Dungeon (9/15)             Temple (0/1) D:5            Lair (3/6) D:8
    Orc (0/2) D:9          Bailey (visited)         Gauntlet (1/1)
  Swamp: Lair:2-4    Shoals: Lair:2-4     Snake: Lair:2-4    Spider: Lair:2-4

Altars:
Ashenzari
Cheibriados
Makhleb
Okawaru

Shops:
D:2 !

Annotations:
Gauntlet 9 transporters, 2 runed translucent doors


Innate Abilities, Weirdness & Mutations

You are immune to sickness and miasma.
You are immune to poison.
Your flesh is very heat resistant. (rF++)
You are vulnerable to cold. (rC-)
You float through the air rather than walking.
You learn spells naturally, not from books.
Your magical power is your life essence.
You have superior vitality. (+4 MHP)


Message History

The stone arrow hits the meliai!
The meliai is heavily wounded.
The meliai mumbles some strange prayers to its god against you.
Something smites you! You block the meliai's attack. x2
The meliai closely misses you. You block the meliai's attack.
The meliai hits you with a +0 vorpal hand axe!
The meliai stings you.
Unknown command.
You feel much better. The meliai closely misses you.
You block the meliai's attack.
The meliai hits you with a +0 vorpal hand axe!
The meliai stings you but does no damage.
The meliai hits you with a +0 hand axe. You block the meliai's attack.
The meliai hits you with a +0 vorpal hand axe.
You block the meliai's attack.
Unknown command.
Casting: Stone Arrow (safe; 1% risk of failure)
Confirm with . or Enter, or press ? or * to list all spells.
Aiming: Stone Arrow (safe; 1% risk of failure)
Press: ? - help, Shift-Dir - straight line, f/p - meliai
Aim: a meliai, wielding a +0 vorpal hand axe and wearing a +0 leather armour (heavily wounded, 64% to hit)
The stone arrow hits the meliai!
The meliai is severely wounded.
You block the meliai's attack. x3; The meliai stings you!
* * * LOW HITPOINT WARNING * * *
You block the meliai's attack. The meliai closely misses you.
The meliai hits you with a +0 vorpal hand axe!
* * * LOW HITPOINT WARNING * * *
x2 The meliai stings you!
* * * LOW HITPOINT WARNING * * *
You feel much better. You block the meliai's attack. x2
The meliai barely misses you. The meliai stings you!
* * * LOW HITPOINT WARNING * * *
The meliai hits you with a +0 hand axe.
* * * LOW HITPOINT WARNING * * *
The meliai completely misses you.
The meliai hits you with a +0 vorpal hand axe!
* * * LOW HITPOINT WARNING * * *
x2 The meliai stings you.
You die...

## ### ################### ### ##
≈###≈###.................###≈###≈
≈≈#≈≈≈#...8⌠8..8∩8..8⌠8...#≈≈≈#≈≈
.................................
#################################
##.#.#.##8©8#..##...#8©8#.......#
#.#.#.#t#...#.#...###...#.###+#.#
##=#.#.##...#.#.y#..#...#.#≈..#.#
#©#.#.#.#©.©#©=#@#..#©.©#©#≈©.#.#
##?#©#.######).#.y#.#####.#≈..#.#
#.#.#.#t#...###...#.#...#.###'#.#
##.#.#.##.8.#...##..#.8.#.......#
#########...#########...#########
.................................
≈≈#≈≈≈#≈≈≈#≈≈≈#≈≈≈#≈≈≈#≈≈≈#≈≈≈#≈≈
≈###≈###≈###≈###≈###≈###≈###≈###≈
## ### ### ### ### ### ### ### ##


You could see 2 meliai.

Vanquished Creatures
  An orc warlord (Bailey)
  A two-headed ogre (D:8)
  A soul eater (Gauntlet)
  Pikel (D:5)
  2 orc knights (Bailey)
  2 black mambas (Lair:1)
  Joseph (D:7)
  6 cane toads
  A torpor snail (Lair:3)
  An eye of devastation (Gauntlet)
  Psyche (D:8)
  5 komodo dragons
  A polar bear (Lair:3)
  A troll (D:9)
  A meliai (Gauntlet)
  5 blink frogs (Lair:1)
  4 dream sheep (Lair:2)
  4 wyverns
  15 yaks
  A shadow (D:9)
  A golden eye (Gauntlet)
  5 basilisks
  3 steam dragons
  Menkaure (D:7)
  An acid dragon (D:9)
  7 water moccasins
  3 ice beasts
  5 orc warriors
  A black bear (D:7)
  An ogre (D:7)
  4 wolves (Lair:1)
  5 centaurs
  2 phantoms (D:4)
  A kobold brigand (D:8)
  9 bullfrogs
  2 gnoll sergeants
  3 scorpions
  16 killer bees
  7 howler monkeys
  A jelly (D:4)
  3 orc priests
  2 hounds (D:5)
  3 gnoll shamans (D:5)
  8 orc wizards
  An iguana (D:5)
  5 hell rats (Lair:1)
  23 gnolls
  4 adders
  9 shadow imps
  A worm (D:3)
  A dart slug (D:4)
  32 orcs
  5 endoplasms
  3 giant cockroaches
  12 goblins
  13 hobgoblins
  5 quokkas
  7 ball pythons
  3 bats
  4 frilled lizards
  16 kobolds
  A rat (D:1)
294 creatures vanquished.

Vanquished Creatures (collateral kills)
  2 hobgoblins (Bailey)
2 creatures vanquished.

Vanquished Creatures (others)
  11 fungi
  17 plants
28 creatures vanquished.

Grand Total: 324 creatures vanquished

Notes
Turn   | Place    | Note
-------+----------+-------------------------------------------
     0 | D:1      | Bruhh the Djinni Earth Elementalist began the quest for the
                  | Orb.
     0 | D:1      | Reached XP level 1. HP: 15/15 MP: 0/0
   373 | D:1      | Reached XP level 2. HP: 20/21 MP: 0/0
  1147 | D:1      | Reached XP level 3. HP: 19/25 MP: 0/0
  1147 | D:1      | Learned a level 1 spell: Animate Skeleton
  2088 | D:2      | Found Vokh's Distillery.
  2608 | D:3      | Reached XP level 4. HP: 29/31 MP: 0/0
  2801 | D:3      | Reached XP level 5. HP: 10/35 MP: 0/0
  2801 | D:3      | Learned a level 2 spell: Searing Ray
  4153 | D:4      | Reached XP level 6. HP: 36/40 MP: 0/0
  4281 | D:4      | Reached skill level 5 in Spellcasting
  4645 | D:4      | Reached XP level 7. HP: 36/45 MP: 0/0
  4645 | D:4      | Learned a level 3 spell: Dazzling Flash
  5091 | D:4      | You are sucked into a shaft and drop 2 floors!
  5145 | D:5      | Entered Level 5 of the Dungeon
  5414 | D:6      | Reached XP level 8. HP: 31/50 MP: 0/0
  5792 | D:5      | Found a snail-covered altar of Cheibriados.
  5839 | D:5      | Found an iron altar of Okawaru.
  5840 | D:5      | Found a broken altar of Ashenzari.
  5859 | D:5      | Became a worshipper of Ashenzari the Shackled
  6586 | D:5      | Found a staircase to the Ecumenical Temple.
  6676 | D:5      | Noticed Pikel
  6703 | D:5      | Killed Pikel
  6704 | D:5      | Reached XP level 9. HP: 11/61 MP: 0/0
  6704 | D:5      | Learned a level 4 spell: Animate Armour
  7752 | D:6      | Reached skill level 5 in Dodging
  7813 | D:6      | Reached skill level 1 in Shields
  8842 | D:7      | Reached skill level 5 in Fighting
  8842 | D:7      | Noticed Menkaure
  8845 | D:7      | Killed Menkaure
  9239 | D:7      | Noticed Joseph
  9244 | D:7      | Killed Joseph
  9245 | D:7      | Reached XP level 10. HP: 28/72 MP: 0/0
  9521 | D:7      | Reached skill level 5 in Shields
  9709 | D:7      | Found a burning altar of Makhleb.
 10153 | D:8      | Found a flagged portal.
 10371 | Bailey   | Entered a bailey
 10377 | Bailey   | Noticed an orc warlord
 10467 | Bailey   | Noticed an orc knight
 10493 | Bailey   | Killed an orc knight
 10566 | Bailey   | Noticed an orc knight
 10573 | Bailey   | Killed an orc knight
 10796 | Bailey   | Found a runed translucent gate.
 10797 | Bailey   | Found a runed translucent gate.
 10798 | Bailey   | Found a runed translucent gate.
 11063 | Bailey   | Killed an orc warlord
 11064 | Bailey   | Reached XP level 11. HP: 38/82 MP: 0/0
 11064 | Bailey   | Learned a level 5 spell: Manifold Assault
 11254 | Bailey   | Acquired a +5 vorpal war axe
 11341 | D:8      | Noticed a two-headed ogre
 11342 | D:8      | Noticed Psyche
 11344 | D:8      | Killed a two-headed ogre
 11348 | D:8      | Killed Psyche
 12260 | D:8      | Reached skill level 10 in Fighting
 12322 | D:8      | Found a staircase to the Lair.
 12583 | D:9      | Reached skill level 1 in Armour
 12836 | D:9      | Found a staircase to the Orcish Mines.
 13437 | D:9      | Reached * piety under Ashenzari
 13832 | Lair:1   | Entered Level 1 of the Lair of Beasts
 13939 | Lair:1   | Reached skill level 1 in Axes
 13939 | Lair:1   | Reached skill level 10 in Shields
 13946 | Lair:1   | Reached XP level 12. HP: 56/91 MP: 0/0
 14704 | Lair:1   | Reached skill level 5 in Armour
 14998 | Lair:1   | Reached ** piety under Ashenzari
 16431 | Lair:2   | Reached skill level 5 in Axes
 17501 | Lair:3   | Reached *** piety under Ashenzari
 17586 | Lair:3   | Found a gate leading to a gauntlet.
 17646 | Lair:3   | Reached XP level 13. HP: 85/96 MP: 0/0
 17646 | Lair:3   | Learned a level 5 spell: Agony
 17670 | Gauntlet | Entered a Gauntlet
 17670 | Gauntlet | Found a transporter.
 17700 | Gauntlet | Found a transporter.
 17703 | Gauntlet | Found a transporter.
 17704 | Gauntlet | Found a transporter.
 17708 | Gauntlet | Found a runed translucent door.
 17712 | Gauntlet | Found a transporter.
 17715 | Gauntlet | Found a transporter.
 17716 | Gauntlet | Found a transporter.
 17728 | Gauntlet | Found a transporter.
 17735 | Gauntlet | Found a transporter.
 17735 | Gauntlet | Found a transporter.
 17735 | Gauntlet | Identified the ring of Coween {Drain rPois rF+ rN+ Dex+3}
 17737 | Gauntlet | Found a transporter.
 17737 | Gauntlet | Identified the ring of Youthful Indiscretion {Fly Will+
                  | Int+4}
 17740 | Gauntlet | Found a transporter.
 17741 | Gauntlet | Found a transporter.
 17748 | Gauntlet | Found a runed translucent door.
 17750 | Gauntlet | Found a transporter.
 17763 | Gauntlet | Noticed a cacodemon
 17811 | Gauntlet | Found a runed translucent door.
 18267 | Gauntlet | HP: 4/96 [meliai/+0 vorpal hand axe (8)]
 18268 | Gauntlet | Slain by a meliai

Illustrated notes

Levels and vault maps discovered:
D:1:      minmay_arrival_split_and_join, layout_basic,
          chequers_serial_rivers_micro_e
D:2:      layout_rooms, serial_shops, nicolae_lakefront_shop,
          grunt_decor_resistance
D:3:      layout_basic
D:4:      layout_loops_corners
D:5:      layout_rooms, cheibriados_altar_1, nicolae_overflow_squiral,
          minmay_temple_entry_statues_fountains, uniq_pikel
D:6:      layout_loops_cross, chequers_serial_rivers_micro_a,
          minmay_tree_intersection, nrook_loot_triangle
D:7:      layout_layer_cave, lemuel_doored_altar, uniq_joseph, uniq_menkaure
D:8:      layout_basic, erik_lair_dragon, enter_bailey_2, grunt_tough_drop,
          uniq_psyche
D:9:      layout_roguey, orc_0_dummy
Lair:1:   layout_chaotic_city, serial_rivers, chequers_serial_rivers_room_b,
          chequers_serial_rivers_micro_c, chequers_serial_rivers_room_b,
          chequers_serial_rivers_micro_e, chequers_serial_rivers_small_b,
          cheibrodos_lair_caveside_slide, chequers_serial_rivers_micro_d
Lair:2:   layout_chaotic_city, beast_lair_carwin_7, grunt_megastairs_2
Lair:3:   layout_long_grid, minmay_swamp_entry_worms, gauntlet_entry_generic,
          minmay_holes, serial_bayou_shore_a, infiniplex_staircase_pool_2,
          serial_bayou_shore_b, grunt_megastairs_4, lemuel_fruit_tree
Gauntlet: gammafunk_gauntlet_77_escape_option
          [minmay_gauntlet_arena_77_block_sizes,
          minmay_gauntlet_arena_77_shame_cube,
          minmay_gauntlet_arena_77_squiggly, minmay_gauntlet_arena_77_checkered,
          minmay_gauntlet_arena_77_path, gauntlet_exit_hidden_loot]

Skill      XL: |  1  2  3  4  5  6  7  8  9 10 11 12 |
---------------+-------------------------------------+-----
Spellcasting   | 3 4 5 6 8 |  8.0
Fighting       | 3 6 8 10 | 10.0
Dodging        | 4 5 |  5.0
Shields        | 4 7 10 | 10.0
Armour         | 3 7 |  7.9
Axes           | 1 6 |  6.7
Stealth        | |  1.5

Action                   |  1- 3 |  4- 6 |  7- 9 | 10-12 | 13-15 || total
-------------------------+-------+-------+-------+-------+-------++-------
Melee: Unarmed           |    44 |       |       |       |       ||    44
       Punch             |     2 |       |       |       |       ||     2
       Club              |    21 |    19 |       |     6 |       ||    46
       War axe           |       |       |       |    77 |    11 ||    88
 Cast: Sandblast         |    42 |    40 |     3 |    52 |       ||   137
       Stone Arrow       |       |    14 |   102 |   239 |    18 ||   373
       Dazzling Flash    |       |       |       |     5 |       ||     5
       Animate Armour    |       |       |       |     2 |       ||     2
       Animate Skeleton  |       |       |       |     1 |       ||     1
Invok: Curse Item        |       |       |       |     4 |       ||     4
  Use: Potion            |       |     4 |     2 |     2 |     2 ||    10
       Scroll            |       |       |     2 |    12 |       ||    14
 Stab: Sleeping          |     1 |     1 |       |       |       ||     2
Armor: Robe              |    21 |     3 |     5 |    33 |     2 ||    64
       Leather armour    |       |     9 |     6 |       |       ||    15
Dodge: Dodged            |    37 |    35 |    19 |    76 |    15 ||   182
Block: Other             |     5 |    11 |     3 |       |       ||    19
       Kite shield       |       |       |    12 |   201 |    34 ||   247
       Reflection        |       |       |     2 |     6 |       ||     8

Table legend: (Time is in decaauts)
 A = Elapsed time spent in this place.
 B = Non-inter-level travel time spent in this place.
 C = Inter-level travel time spent in this place.
 D = Time resting spent in this place.
 E = Time spent auto-exploring this place.
 F = Levels seen in this place.
 G = Mean time per level.
                   A        B        C        D        E       F      G
               +--------+--------+--------+--------+--------+-----+--------+
         Total |  18345 |  17852 |    493 |    713 |  15034 |  14 | 1310.4 |
       Dungeon |  12998 |  12588 |    410 |    556 |  10730 |   9 | 1444.2 |
          Lair |   3855 |   3773 |     82 |      0 |   3453 |   3 | 1285.0 |
        Bailey |    892 |    892 |      0 |      0 |    634 |   1 |  892.0 |
      Gauntlet |    598 |    598 |      0 |    157 |    217 |   1 |  598.0 |
               +--------+--------+--------+--------+--------+-----+--------+

Top non-repeatable levels by time:
     D:8: 1807 daAuts
     D:3: 1772 daAuts
  Lair:1: 1761 daAuts
  Lair:2: 1636 daAuts
     D:1: 1633 daAuts
     D:4: 1602 daAuts
     D:6: 1556 daAuts
     D:5: 1416 daAuts
     D:9: 1287 daAuts
     D:7: 1185 daAuts
  Bailey: 892 daAuts
     D:2: 736 daAuts
Gauntlet: 598 daAuts
  Lair:3: 457 daAuts
